 Dungeon Crawl Stone Soup version 0.22.1-1-ga44c0e5 (webtiles) character file.

400 Starchild the Summoner (level 6, -6/41 HPs)
             Began as a Barachi Summoner on Oct 17, 2018.
             Killed by divine providence
             ... invoked by an orc priest
              (11 damage)
             ... on level 7 of the Dungeon.
             The game lasted 00:31:13 (3994 turns).

Starchild the Summoner (Barachi Summoner)           Turns: 3994, Time: 00:31:13

Health: -6/41      AC:  6    Str: 13    XL:     6   Next: 84%
Magic:  8/9        EV: 12    Int: 17    God:
Gold:   183        SH:  0    Dex: 12    Spells: 0/9 levels left

rFire    . . .     SeeInvis .   h - +0 hunting sling (curse)
rCold    . . .     Gourm    +   (no shield)
rNeg     . . .     Faith    .   a - +0 robe
rPois    .         Spirit   .   j - +0 helmet
rElec    .         Reflect  .   n - +0 cloak
rCorr    .         Harm     .   e - +0 pair of gloves
MR       .....                  l - +0 pair of boots
Stlth    ++........             r - amulet of the gourmand
HPRegen  0.13/turn              b - +3 ring of strength
MPRegen  0.11/turn              (no ring)

@: can't hop, drained, slow
A: +LOS, swims, slowness 1, strong legs 1
a: Hop


You were on level 7 of the Dungeon.
You were not hungry.

You visited 1 branch of the dungeon, and saw 7 of its levels.

You collected 183 gold pieces.

Inventory:

Hand Weapons
 h - a cursed +0 hunting sling (weapon)
 k - a +0 dagger of venom
 y - a +0 dagger of venom
 A - a +3 dagger of draining
Missiles
 f - 65 stones
 g - 10 sling bullets (quivered)
 v - 5 tomahawks
Armour
 a - a +0 robe (worn)
 e - a +0 pair of gloves (worn)
 j - a +0 helmet (worn)
 l - a +0 pair of boots (worn)
 n - a +0 cloak (worn)
Jewellery
 b - a +3 ring of strength (left hand)
 r - an amulet of the gourmand (around neck)
Wands
 t - a wand of digging (6)
 u - a wand of flame (9)
Scrolls
 m - 2 scrolls of teleportation
 p - a scroll of immolation
Potions
 d - a potion of flight
 i - 2 potions of resistance
 o - a potion of brilliance {unknown}
 q - a potion of curing {unknown}
Comestibles
 c - 6 rations


   Skills:
 - Level 2.1(1.5) Dodging
 - Level 1.7(1.1) Stealth
 - Level 2.1(1.5) Spellcasting
 + Level 2.6(2.0) Hexes
 - Level 9.0(8.2) Summonings


You couldn't memorise any spells.
You knew the following spells:

 Your Spells              Type           Power        Failure   Level  Hunger
a - Summon Small Mammal   Summ           ####         1%          1    ##.....
b - Call Imp              Summ           ####....     1%          2    ###....
c - Call Canine Familiar  Summ           ####....     1%          3    ####...
d - Summon Guardian Gole  Hex/Summ       ###.....     8%          3    ####...

Your spell library contained the following spells:

 Spells                   Type           Power        Failure   Level  Hunger
 Summon Ice Beast         Ice/Summ       ###.....     36%         4    #####..
 Summon Lightning Spire   Summ/Air       ###.....     36%         4    #####..


Dungeon Overview and Level Annotations

Branches:
Dungeon (7/15)
 Temple: D:4-7

Altars:
Fedhas
Kikubaaqudgha
Okawaru

Annotations:
D:4 Pikel


Innate Abilities, Weirdness & Mutations

Shadows flee at your approach. (+LOS)
You can swim through water.
You cover ground slowly.
You can hop short distances.


Message History

Your hound closely misses the wight.
Your hound bites the wight but does no damage.
The wight hits your hound with an enchanted mace.
Your hound bites the wight.
Your hound barely misses the wight.
The wight hits your hound with an enchanted mace!
Your hound dies!
Your hound's corpse disappears in a puff of smoke!
The wight barely misses you.
As you read the scroll of teleportation, it crumbles to dust.
You feel strangely unstable.
Your surroundings suddenly seem different.
Floosh!
An orc comes into view. It is wielding a hand axe.
The orc shouts!
A warg comes into view.
An orc priest comes into view. It is wielding a short sword.
The orc priest invokes the aid of Beogh against you.
Beogh smites you!
You die...

#..........#
#..........#
#.........o#
#..........#
+.........o#
####..........###
#####
o.h.......oo..P..
#....
≈≈≈≈≈≈≈≈≈≈≈≈≈≈≈≈.
#....
≈≈≈≈≈≈≈≈@≈≈≈≈≈≈≈.
#....
≈≈≈≈≈≈≈≈≈#####≈≈.
#.... .........#
#.... ##########
#.... #.... #....
#....


You could see a warg (wandering), an orc priest, an orc wizard (wandering) and 3
orcs.

Vanquished Creatures
  A wight (D:7)
  A centaur skeleton (D:4)
  An orc wizard (D:7)
  Ijyb (D:3)
  Robin (D:3)
  An adder (D:3)
  A worm (D:2)
  2 dart slugs
  A leopard gecko (D:1)
  9 orcs
  A giant cockroach (D:4)
  7 goblins
  2 hobgoblins
  A jackal (D:3)
  3 kobolds
  2 bats
  A frilled lizard (D:2)
  3 rats
39 creatures vanquished.

Vanquished Creatures (collateral kills)
  A slave (D:4)
  An ogre (D:7)
  A wight (D:7)
  A howler monkey (D:4)
  An orc priest (D:4)
  3 worker ants (D:4)
  A gnoll (D:4)
  2 adders
  2 oozes
  4 worms
  18 orcs
  4 bats
  8 goblins
  4 hobgoblins (D:3)
  3 jackals (D:3)
  2 kobolds (D:4)
  4 frilled lizards
  A rat (D:3)
61 creatures vanquished.

Grand Total: 100 creatures vanquished

Notes
Turn   | Place    | Note
-------+----------+-------------------------------------------
     0 | D:1      | Starchild the Barachi Summoner began the quest for the Orb.
     0 | D:1      | Reached XP level 1. HP: 13/13 MP: 3/3
    84 | D:1      | Reached skill level 5 in Summonings
   249 | D:1      | Reached XP level 2. HP: 19/19 MP: 5/5
   253 | D:1      | Learned a level 2 spell: Call Imp
   816 | D:2      | Reached skill level 6 in Summonings
   816 | D:2      | Reached XP level 3. HP: 24/24 MP: 6/6
  1223 | D:3      | Learned a level 3 spell: Call Canine Familiar
  1475 | D:3      | Noticed Ijyb
  1556 | D:3      | Killed Ijyb
  1556 | D:3      | Reached XP level 4. HP: 30/30 MP: 1/7
  1695 | D:3      | Found a blossoming altar of Fedhas.
  1696 | D:3      | Found an ancient bone altar of Kikubaaqudgha.
  1716 | D:3      | Reached skill level 7 in Summonings
  1947 | D:3      | Noticed Robin
  1991 | D:3      | Killed Robin
  2201 | D:4      | Noticed Pikel
  2201 | D:4      | Noticed a slave
  2201 | D:4      | Noticed a slave
  2201 | D:4      | Noticed a slave
  2201 | D:4      | Noticed a slave
  2298 | D:4      | Reached XP level 5. HP: 35/35 MP: 2/8
  2419 | D:4      | Reached skill level 8 in Summonings
  2980 | D:4      | Reached XP level 6. HP: 36/41 MP: 9/9
  2985 | D:4      | Learned a level 3 spell: Summon Guardian Golem
  3080 | D:4      | Found an iron altar of Okawaru.
  3216 | D:4      | Killed a slave
  3218 | D:5      | Entered Level 5 of the Dungeon
  3222 | D:5      | You fall through a shaft for 2 floors!
  3614 | D:7      | Reached skill level 9 in Summonings
  3674 | D:7      | Reached skill level 1 in Hexes
  3994 | D:7      | Noticed a warg
  3994 | D:7      | Killed from afar by an orc priest

Skill      XL: |  1  2  3  4  5  6 |
---------------+-------------------+-----
Summonings     | 5 6 7 8 9 |  9.0
Hexes          | 2 |  2.6
Dodging        | |  2.1
Stealth        | |  1.7
Spellcasting   | |  2.1

Action                   |  1- 3 |  4- 6 || total
-------------------------+-------+-------++-------
Melee: Unarmed           |     2 |       ||     2
 Fire: Hunting sling     |    73 |   102 ||   175
 Cast: Summon Small Mamm |    10 |     9 ||    19
       Call Imp          |     9 |    20 ||    29
       Call Canine Famil |     4 |    26 ||    30
       Summon Guardian G |       |     1 ||     1
 Abil: Hop               |     1 |     5 ||     6
Evoke: Wand              |       |     4 ||     4
  Use: Scroll            |       |     9 ||     9
       Potion            |       |     4 ||     4
  Eat: Chunk             |     4 |    12 ||    16
       Ration            |       |     1 ||     1
Armor: Robe              |    16 |    29 ||    45
Dodge: Dodged            |    39 |    84 ||   123
